 Dungeon Crawl Stone Soup version 0.25-a0-774-g40ae2d4f90 (webtiles) character file.

Game seed: 7158872404119663382, levelgen mode: deterministic

1010 KiliKikkendorf the Spear-Bearer (level 8, -4/61 HPs)
             Began as a Merfolk Gladiator on Apr 14, 2020.
             Killed from afar by an orc wizard (7 damage)
             ... with a magic dart
             ... on level 5 of the Dungeon.
             The game lasted 00:20:56 (4420 turns).

KiliKikkendorf the Spear-Bearer (Merfolk Gladiator) Turns: 4420, Time: 00:20:56

Health: -4/61      AC:  5    Str: 18    XL:     8   Next: 21%
Magic:  0/8        EV: 12    Int:  8    God:
Gold:   293        SH:  4    Dex: 15    Spells: 7/7 levels left

rFire    . . .     SeeInvis .   a - +0 trident
rCold    . . .     Gourm    .   n - +0 buckler
rNeg     + . .     Faith    .   e - +0 scale mail
rPois    .         Spirit   +   (helmet restricted)
rElec    +         Reflect  .   g - +1 cloak
rCorr    .         Harm     .   (no gloves)
MR       .....                  (no boots)
Stlth    ..........             p - amulet of guardian spirit
HPRegen  0.20/turn              s - ring of positive energy
MPRegen  0.11/turn              (no ring)

@: about to teleport, hasted, very quick
A: change form in water, swift swim, stealthy swim, antennae 1, deformed body,
electricity resistance, strong 1, evolution 1
a: no special abilities


You were on level 5 of the Dungeon.
You were not hungry.

You visited 1 branch of the dungeon, and saw 5 of its levels.

You collected 293 gold pieces.

Inventory:

Hand Weapons
 a - a +0 trident (weapon)
Missiles
 d - 2 throwing nets (quivered)
Armour
 c - a +0 helmet
 e - a +0 scale mail (worn)
 g - a +1 cloak (worn)
 n - a +0 buckler (worn)
Jewellery
 p - an amulet of guardian spirit (around neck)
 s - a ring of positive energy (left hand)
Wands
 k - a wand of acid (10)
 q - a wand of paralysis (8)
 r - a wand of flame (3)
Scrolls
 b - 3 scrolls of magic mapping
 i - a scroll of teleportation
 j - 3 scrolls of remove curse
 l - 2 scrolls of noise {unknown}
 m - a scroll of identify
 o - a scroll of amnesia
 t - a scroll of enchant weapon {unknown}
 u - a scroll of random uselessness {unknown}
 v - a scroll of enchant armour
Potions
 h - a potion of haste
Comestibles
 f - 12 rations


   Skills:
 + Level 4.3 Fighting
 * Level 10.3 Polearms
 - Level 2.0 Throwing
 + Level 2.2 Armour
 + Level 5.9 Dodging
 + Level 1.3 Stealth
 + Level 1.6 Shields


You had 7 spell levels left.
You didn't know any spells.
Your spell library contained the following spells:

 Spells                   Type           Power        Failure   Level  Hunger
 Foxfire                  Conj/Fire      #...         88%         1    ##.....
 Conjure Flame            Conj/Fire      #.......     99%         3    ####...
 Inner Flame              Hex/Fire       #.......     99%         3    ####...
 Sticky Flame             Conj/Fire      #.......     100%        4    #####..
 Fireball                 Conj/Fire      #.........   100%        5    ######.


Dungeon Overview and Level Annotations

Branches:
Dungeon (5/15)
 Temple: D:4-7

Altars:

Shops:
D:4 %   D:5 :

Annotations:
D:5 3 runed translucent doors, paps's ghost, novice OpFi


Innate Abilities, Weirdness & Mutations

You revert to your normal form in water.
You are very nimble and swift while swimming.
You are very stealthy in the water. (Stealth+)
You have a pair of small antennae on your head.
Armour fits poorly on your strangely shaped body.
You are resistant to electric shocks. (rElec)
Your muscles are strong. (Str +2)
You evolve.


Message History

The arrow hits you.
* * * LOW HITPOINT WARNING * * *
You see here an arrow.
The centaur shoots an arrow.
The arrow hits you.
* * * LOW HITPOINT WARNING * * *
The orc priest mumbles some strange prayers to Beogh against you.
Beogh smites you!
* * * LOW HITPOINT WARNING * * *
As you read the scroll of teleportation, it crumbles to dust.
You feel strangely unstable.
The centaur shoots an arrow.
You block the arrow.
Your surroundings suddenly seem different.
The orc priest miscasts a cantrip.
The orc wizard mumbles some strange words.
The orc wizard blinks!
As you read the scroll of teleportation, it crumbles to dust.
You feel strangely unstable.
The centaur shoots an arrow.
The arrow misses you. The orc wizard casts a spell at you.
The magic dart hits you!
You die...

#..........#..#.##........##.
#..........#..#..#...........
#.............##...)......#..
#..........##....#o.......# a
#..........#####..........##.
#..........# ###...(.......
#.#.....#############.##....#
##.(......c.o(....###
#...@.....o...##..##
#..............(##..##
#...........o....##{...
[................o###...
..#.................)o.#
..................######
###...............#
##...............#
.#.....##....


You could see a centaur, an orc priest and an orc wizard.

Vanquished Creatures
  2 sky beasts
  2 centaurs (D:5)
  A scorpion (D:4)
  A howler monkey (D:5)
  2 centaur skeletons (D:4)
  An orc priest (D:5)
  A hound (D:4)
  3 orc wizards
  A bullfrog skeleton (D:5)
  Terence (D:3)
  4 worker ants
  3 gnolls (D:5)
  7 adders
  2 shadow imps
  An ooze (D:4)
  2 worms
  5 dart slugs
  4 leopard geckos
  4 orcs
  8 bats
  4 giant cockroaches
  9 goblins
  13 hobgoblins
  11 jackals
  7 quokkas
  3 ball pythons
  3 frilled lizards
  9 kobolds
  A leopard gecko skeleton (D:3)
  12 rats
127 creatures vanquished.

Notes
Turn   | Place    | Note
-------+----------+-------------------------------------------
     0 | D:1      | KiliKikkendorf the Merfolk Gladiator began the quest for
                  | the Orb.
     0 | D:1      | Reached XP level 1. HP: 16/16 MP: 1/1
    36 | D:1      | Reached XP level 2. HP: 9/22 MP: 2/2
   228 | D:1      | Reached skill level 5 in Polearms
   325 | D:1      | Reached XP level 3. HP: 21/28 MP: 3/3
  1217 | D:2      | Reached XP level 4. HP: 28/34 MP: 4/4
  1649 | D:3      | Reached skill level 6 in Polearms
  1997 | D:3      | Reached skill level 1 in Armour
  2142 | D:3      | Noticed a sky beast
  2158 | D:3      | Killed a sky beast
  2158 | D:3      | Reached skill level 7 in Polearms
  2158 | D:3      | Reached XP level 5. HP: 33/41 MP: 5/5
  2159 | D:3      | You fall into a shaft and drop 2 floors!
  2159 | D:5      | Entered Level 5 of the Dungeon
  2159 | D:5      | Noticed a centaur
  2173 | D:5      | Gained mutation: Your muscles are strong. (Str +2) [potion
                  | of mutation]
  2173 | D:5      | Gained mutation: You have a pair of small antennae on your
                  | head. [potion of mutation]
  2173 | D:5      | Gained mutation: You are resistant to electric shocks.
                  | (rElec) [potion of mutation]
  2173 | D:5      | Gained mutation: You evolve. [potion of mutation]
  2180 | D:5      | Noticed a sky beast
  2199 | D:4      | Reached skill level 5 in Dodging
  2199 | D:4      | Reached XP level 6. HP: 10/47 MP: 6/6
  2213 | D:4      | Reached skill level 1 in Stealth
  2234 | D:4      | HP: 1/47 [sky beast (2)]
  2251 | D:4      | Killed a sky beast
  2716 | D:3      | Reached skill level 8 in Polearms
  2796 | D:3      | Reached XP level 7. HP: 41/53 MP: 7/7
  3224 | D:3      | Noticed Terence
  3228 | D:3      | Killed Terence
  3701 | D:4      | Reached skill level 9 in Polearms
  3784 | D:4      | Found Wetuem's Food Emporium.
  3903 | D:5      | Reached skill level 1 in Shields
  3914 | D:5      | Reached skill level 10 in Polearms
  3914 | D:5      | Reached XP level 8. HP: 46/60 MP: 6/8
  3931 | D:5      | Found a runed translucent gate.
  3931 | D:5      | Found a runed translucent gate.
  3931 | D:5      | Noticed paps's ghost (novice OpFi)
  3935 | D:5      | Found a runed translucent gate.
  4002 | D:5      | Gained mutation: Armour fits poorly on your strangely
                  | shaped body. [evolution]
  4068 | D:5      | Found Gacinetu's Book Emporium.
  4408 | D:5      | HP: 1/61 [orc priest/divine providence (7)]
  4420 | D:5      | Killed from afar by an orc wizard

Levels and vault maps discovered:
D:1:      minmay_arrival_arboretum_large, layout_basic, lemuel_flame_loot_1
D:2:      minmay_wonky_spiral, layout_basic, first_ration
D:3:      layout_basic, uniq_terence
D:4:      layout_rooms, serial_shops, kennysheep_mini, minmay_pentomino_pile
D:5:      layout_rooms, gammafunk_ghost_necromancy, serial_shops,
          nicolae_shop_statue_plus, minmay_misc_feat_nine_boxes

Skill      XL: |  1  2  3  4  5  6  7 |
---------------+----------------------+-----
Polearms       | 5 7 8 10 | 10.3
Armour         | 1 2 |  2.2
Fighting       | 3 4 |  4.3
Dodging        | 5 |  5.9
Stealth        | 1 |  1.3
Shields        | 1 |  1.6
Throwing       | |  2.0

Action                   |  1- 3 |  4- 6 |  7- 9 || total
-------------------------+-------+-------+-------++-------
Melee: Trident           |   135 |   192 |   173 ||   500
Throw: Throwing net      |       |     2 |       ||     2
Evoke: Wand              |       |       |     5 ||     5
  Use: Scroll            |     4 |     3 |     6 ||    13
       Potion            |     1 |     6 |     1 ||     8
 Stab: Held in net/web   |       |     1 |       ||     1
  Eat: Chunk             |     1 |     5 |     4 ||    10
       Ration            |       |       |     1 ||     1
Armor: Leather armour    |    19 |       |       ||    19
       Scale mail        |    46 |    87 |    28 ||   161
Dodge: Dodged            |   100 |   102 |    77 ||   279
Block: Buckler           |     1 |    29 |    24 ||    54

Table legend:
 A = Non-vault XP
 B = Vault XP
 C = Vault XP percentage of total XP
 D = Non-vault monster count
 E = Vault monster count
 F = Vault count percentage of total count
                 A         B        C        D         E       F
            +---------+---------+-------+---------+---------+-------
      Total |    1304 |     139 |   9.6 |     118 |       9 |   7.1
            +---------+---------+-------+---------+---------+-------
        D:1 |      45 |       0 |   0.0 |      28 |       0 |   0.0
        D:2 |      56 |       7 |  11.1 |      19 |       4 |  17.4
        D:3 |     230 |      36 |  13.5 |      37 |       1 |   2.6
        D:4 |     426 |      96 |  18.4 |      17 |       4 |  19.0
        D:5 |     547 |       0 |   0.0 |      17 |       0 |   0.0
            +---------+---------+-------+---------+---------+-------
